[Event "*** Qualifier 4: Titled Tuesday 3|2 Blitz"]
[Site "Chess.com"]
[Date "2017.04.25"]
[Round "1"]
[White "feigelag"]
[Black "Alexander_Donchenko"]
[Result "1-0"]
[WhiteElo "2266"]
[BlackElo "2512"]
[TimeControl "180+2"]
[EndTime "13:09:06 PDT"]
[Termination "feigelag won by resignation"]

1. Nf3 c5 2. g3 Nc6 3. Bg2 g6 4.
O-O Bg7 5. c4 Nh6 6. Nc3 Nf5 7.
d3 h5 8. a3 h4 9. Rb1 d6 10.
Bd2 a5 11. Nd5 Be6 12. b4 axb4 13. axb4 hxg3 14. hxg3 Bxd5 15. cxd5 Nxb4 16. Bxb4 cxb4 17. Rxb4 Ra7 18. e4 Nh6 19. Qb3 Ng4 20. Rxb7 Rxb7 21. Qxb7 Bf6 22. d4 Kf8 23. Re1 Qa5 24. Qc8+ Kg7 25.
Qxg4 Bxd4 26. Bf1 Bc5 27. Kg2 Rh5 28. Be2 Qa2 29. Nh4 Qd2 30. Kf1 Qd4 31. Qf3 Re5 32.
Rd1 Qb2 33. Qd3 Ba7 34. f4 Rh5 35. Rb1 Qa2 36. Qc3+ Kh7 37. Qb2 Qa4 38. Bxh5 Qxe4 39. Bf3 Qe3 40. Kg2 Bd4 41. Qe2 Qc3 42. Rd1 Bf6 43.
Qd3 Qb2+ 44. Rd2 Qb6 45. Be4 Kg7 46. Kf3 Qg1 47. Rg2 Qh1 48. Kf2 Qa1 49. Nf3 Bc3 50.
Rg1 Qa7+ 51. Kg2 Bf6 52. Re1 Qa5 53. g4 Bc3 54. Re3 Bb4 55. Qd4+ Kg8 56. Rb3 1-0

[Event "*** Qualifier 4: Titled Tuesday 3|2 Blitz"]
[Site "Chess.com"]
[Date "2017.04.25"]
[Round "1"]
[White "Yaacovn"]
[Black "Abrito99"]
[Result "1-0"]
[WhiteElo "2609"]
[BlackElo "2283"]
[TimeControl "180+2"]
[EndTime "13:09:07 PDT"]
[Termination "Yaacovn won on time"]

1. d4 Nf6 2. Nf3 b6 3. e3 Bb7 4. Be2 e6 5. O-O Be7 6. b3 O-O 7. Bb2 d6 8. c4 Nbd7 9. Nc3 Ne4 10. Nxe4 Bxe4 11. Nd2 Bb7 12. Bf3 c6 13. Rc1 d5 14.
Qc2 f5 15. g3 Rc8 16. Bg2 Nf6 17. Nf3 Ne4 18. Ne5 Bd6 19. f3 Nf6 20. Rfd1 Qe7 21. c5 Bb8 22. b4 Nd7 23. f4 Nxe5 24. dxe5 b5 25. a4 a6 26. Bd4 Bc7 27. Ra1 Ra8 28. Ra2 Qd7 29. Rda1 bxa4 30. Rxa4 Rfb8 31.
Bf1 Bc8 32. Qc3 Bd8 33. Bxa6 Bxa6 34. Rxa6 Qb7 35. Rxa8 Rxa8 36. Rxa8 Qxa8 37. Qa1 Qb7 38. Qa4 Kf7 39. h3 g5 40. Kg2 h6 41. Kf3 Kg6 42. g4 h5 43. gxf5+ exf5 44. fxg5 Bxg5 45. Ke2 Bd8 46.
Kd3 Bc7 47. Kc3 Bd8 48. Kc2 Be7 49. Kd2 Bd8 50. Bc3 Kg5 51. Qd1 Kg6 52. Qg1+ Kh7 53.
Qd1 Qf7 54. Qf3 Qg6 55. Bd4 Be7 56. Kc3 Bh4 57. Kb2 Be1 58. Kb3 f4 59. Qd1 Qg3 60.
e6 Qxh3 61. e7 fxe3 62. Qd3+ Kh6 63. e8=Q 1-0

[Event "*** Qualifier 4: Titled Tuesday 3|2 Blitz"]
[Site "Chess.com"]
[Date "2017.04.25"]
[Round "1"]
[White "Makalexa"]
[Black "dhanushbharadwaj"]
[Result "1-0"]
[WhiteElo "2175"]
[BlackElo "2456"]
[TimeControl "180+2"]
[EndTime "13:09:19 PDT"]
[Termination "Makalexa won by resignation"]

1. e4 c6 2. d4 d5 3. Nc3 dxe4 4.
Nxe4 Bf5 5. Ng3 Bg6 6. Nf3 Nd7 7. Bd3 Bxd3 8. Qxd3 e6 9. O-O Ngf6 10. Re1 Be7 11.
Bf4 O-O 12. Rad1 Qa5 13. a3 Rfd8 14. c4 Nh5 15. Be5 Nxe5 16. Rxe5 Qb6 17. Rxh5 g6 18. Re5 Qxb2 19. Ne4 Qxa3 20. Neg5 Qxd3 21. Rxd3 Bxg5 22. Rxg5 Rd6 23. h4 Rad8 24. Ra3 a6 25. c5 R6d7 26. h5 Kg7 27. hxg6 hxg6 28. Kf1 Kf6 29. Rg3 Rh8 30. Ke2 Rh1 31. Rb3 Ra1 32. Ke3 Rd1 33. Rh3 a5 34. Rh8 Ra1 35. Rb8 a4 36. R3xb7 Rxb7 37. Rxb7 a3 38. Kf4 g5+ 39. Nxg5 a2 40. Ra7 Kg6 41.
Nf3 f6 42. g4 Kh6 43. g5+ fxg5+ 44. Nxg5 Rg1 45. Nf7+ Kh5 46. Rxa2 Rg4+ 47. Ke5 Rg7 48. Nd6 Rg5+ 49. Kxe6 Rg2 50. Nf5 Kg5 51. f4+ Kxf4 52. Rxg2 1-0

[Event "*** Qualifier 4: Titled Tuesday 3|2 Blitz"]
[Site "Chess.com"]
[Date "2017.04.25"]
[Round "1"]
[White "Iball95"]
[Black "Schemato"]
[Result "1-0"]
[WhiteElo "2533"]
[BlackElo "2247"]
[TimeControl "180+2"]
[EndTime "13:09:27 PDT"]
[Termination "Iball95 won by resignation"]

1. e4 e6 2. d4 d5 3. Nd2 Be7 4.
Ngf3 Nf6 5. Bd3 c5 6. exd5 Qxd5 7. dxc5 O-O 8. O-O Nbd7 9. Nb3 Nxc5 10. Nxc5 Qxc5 11.
Be3 Qh5 12. Nd4 Qxd1 13. Raxd1 Bd7 14. Rfe1 Rfd8 15. c3 Nd5 16. Bc1 Ba4 17. Nb3 Rd7 18. Be4 Rad8 19. g3 b6 20. h4 h6 21. Rd4 Bxb3 22. axb3 Nf6 23. Rxd7 Rxd7 24. Bc6 Rd8 25. b4 Ng4 26. Kg2 Bf6 27. Bf4 g5 28. hxg5 hxg5 29. Bc1 Ne5 30. Bxg5 Bxg5 31. Rxe5 Bc1 32. b3 Bd2 33. c4 Bxb4 34. Rb5 Bc5 35. b4 Bd4 36. Be4 Rc8 37. Rg5+ Kf8 38. Bd3 Bc3 39. Rb5 Kg7 40. f4 Rd8 41. Be2 Rd2 42. Kf3 Rb2 43. c5 Rxb4 44. c6 Rxb5 45. Bxb5 e5 46. c7 1-0

[Event "*** Qualifier 4: Titled Tuesday 3|2 Blitz"]
[Site "Chess.com"]
[Date "2017.04.25"]
[Round "1"]
[White "Noukii"]
[Black "AllStarShark"]
[Result "1-0"]
[WhiteElo "2639"]
[BlackElo "2299"]
[TimeControl "180+2"]
[EndTime "13:09:31 PDT"]
[Termination "Noukii won on time"]

1. d4 d5 2. c4 dxc4 3. e3 e5 4.
Bxc4 exd4 5. exd4 Bd6 6. Nf3 Nf6 7. Qe2+ Qe7 8. Qxe7+ Bxe7 9. O-O Nbd7 10. Nc3 c6 11. Re1 Nb6 12. Bb3 Nfd5 13. h3 Be6 14. Ne4 h6 15.
Bd2 O-O-O 16. a4 Rhe8 17. a5 Nd7 18. a6 N7f6 19. axb7+ Kxb7 20. Nc5+ Bxc5 21. dxc5 Nc7 22. Ba4 Bd5 23. Rxe8 Nfxe8 24. Bc3 Bxf3 25. gxf3 Ne6 26. Bb3 N8c7 27. Rc1 Nd5 28. Be5 Ndf4 29. Rc4 Nxh3+ 30. Kf1 Nhg5 31. Rb4+ Ka8 32. Ba4 Rc8 33. f4 a5 34.
Rb6 Nxc5 35. Rxc6 Rxc6 36. Bxc6+ Ka7 37. fxg5 hxg5 38. Bxg7 Kb6 39. Bd5 Kb5 40. Bxf7 Ne4 41. Ke2 Kb4 42. Ke3 Nd6 43. Bf8 Kc5 44. Kf3 a4 45.
Kg4 Kc6 46. Bxd6 Kxd6 47. Kxg5 Ke5 48. f4+ Kd4 49. Be8 Kd5 50. Bxa4 Ke6 51. Kg6 Ke7 52.
f5 Kf8 53. f6 Kg8 54. b4 Kf8 55. Bd7 Kg8 56. b5 Kf8 57. b6 Kg8 58. b7 1-0

[Event "*** Qualifier 4: Titled Tuesday 3|2 Blitz"]
[Site "Chess.com"]
[Date "2017.04.25"]
[Round "1"]
[White "johnathan113"]
[Black "roldieyi"]
[Result "0-1"]
[WhiteElo "2451"]
[BlackElo "2128"]
[TimeControl "180+2"]
[EndTime "13:09:36 PDT"]
[Termination "roldieyi won by checkmate"]

1. e4 c6 2. Nc3 d5 3. exd5 cxd5 4.
d4 Nf6 5. Bf4 e6 6. Nb5 Na6 7.
Nf3 Be7 8. c3 O-O 9. Bd3 Ne4 10.
Qe2 f5 11. Ne5 Nd6 12. a4 Nxb5 13. axb5 Nb8 14. g4 Nd7 15. gxf5 exf5 16. Rg1 Nxe5 17. Bxe5 Bf6 18. O-O-O a6 19. bxa6 bxa6 20. Rg2 Ra7 21. Rdg1 a5 22. f4 a4 23. Kb1 a3 24. b3 a2+ 25.
Ka1 Qa5 26. Qe1 Bxe5 27. fxe5 g6 28. h4 Rc7 29. c4 Qa3 30. Qc3 Rb7 31. cxd5 Rxb3 32.
Qc7 Rb1+ 33. Bxb1 axb1=Q+ 34. Kxb1 Qd3+ 35. Qc2 Qxd4 36. h5 Ba6 37. Qb2 Bd3+ 38. Kc1 Rc8+ 39. Kd1 Bc2+ 40. Kc1 Qe3+ 41. Rd2 Qxg1+ 42. Rd1 Qxd1# 0-1

[Event "*** Qualifier 4: Titled Tuesday 3|2 Blitz"]
[Site "Chess.com"]
[Date "2017.04.25"]
[Round "1"]
[White "Rock700chess"]
[Black "GMHess"]
[Result "0-1"]
[WhiteElo "2269"]
[BlackElo "2564"]
[TimeControl "180+2"]
[EndTime "13:09:37 PDT"]
[Termination "GMHess won by resignation"]

1. e4 d6 2. d4 Nf6 3. Nc3 c6 4.
Be3 Nbd7 5. h3 e5 6. Nf3 Be7 7. Bc4 O-O 8. dxe5 dxe5 9. O-O Qc7 10. Bb3 Bb4 11. Qd3 a5 12. a3 Nc5 13. Bxc5 Bxc5 14. Rad1 Nh5 15. Kh2 Nf4 16. Qd2 b5 17. a4 b4 18. Ne2 Ba6 19. Nxf4 exf4 20. Rfe1 Rad8 21. Qc1 Bxf2 22. Rxd8 Rxd8 23. Rd1 Bg3+ 24. Kh1 c5 25. c4 f6 26. Qc2 Rd7 27. Rf1 Bb7 28.
Qe2 Re7 29. Bc2 Qd8 30. b3 Qe8 31. Rd1 Bxe4 32. Bxe4 Rxe4 33. Qf1 Re3 34. Rd5 Rxb3 35.
Qd1 Re3 36. Rd8 Kf8 37. Rxe8+ Rxe8 38. Qd6+ Kf7 39. Qd5+ Ke7 40. Qxc5+ Kf7 41. Qd5+ Kg6 42. Ng1 Re1 43. Qf3 f5 44. c5 Rc1 45. c6 b3 46.
Qxb3 Rxc6 47. Qf3 Re6 48. h4 Re1 49. h5+ Kg5 50. Qd3 Bf2 51. Kh2 Bxg1+ 52. Kh3 Re3+ 0-1

[Event "*** Qualifier 4: Titled Tuesday 3|2 Blitz"]
[Site "Chess.com"]
[Date "2017.04.25"]
[Round "1"]
[White "Zlatan56"]
[Black "ChristopherYoo"]
[Result "1-0"]
[WhiteElo "2575"]
[BlackElo "2272"]
[TimeControl "180+2"]
[EndTime "13:09:41 PDT"]
[Termination "Zlatan56 won on time"]

1. Nf3 Nf6 2. g3 g6 3. b3 c5 4.
Bb2 Bg7 5. Bg2 Nc6 6. c4 O-O 7. O-O e6 8. d4 cxd4 9. Nxd4 d5 10.
Nxc6 bxc6 11. Nd2 Qc7 12. Qc2 Bb7 13. Rac1 Rfd8 14. cxd5 exd5 15. Nf3 Re8 16. Rfe1 Ne4 17. Bxg7 Kxg7 18. Nd2 Nxd2 19. Qxd2 Qe5 20. Qc3 Qxc3 21. Rxc3 Re5 22. Bf3 Rae8 23. Rc5 Kf8 24. Ra5 a6 25. Rc1 Ke7 26. e3 Kd6 27. Kg2 R8e6 28. h4 Re7 29. b4 f5 30. Rd1 Kc7 31. Be2 Kb6 32. Bf3 R5e6 33. Rc5 Re5 34. a4 Kc7 35. Rdxd5 Rxd5 36. Bxd5 Kd6 37. Bf3 Rd7 38. Rc4 Rc7 39. e4 fxe4 40.
Bxe4 Bc8 41. f3 Be6 42. Rc5 Bb3 43. Ra5 Bc4 44. Rc5 Bb3 45. a5 Ba4 46. Bd3 Ra7 47.
f4 Bb3 48. Be4 Bd5 49. Bxd5 cxd5 50. Rc8 1-0

[Event "*** Qualifier 4: Titled Tuesday 3|2 Blitz"]
[Site "Chess.com"]
[Date "2017.04.25"]
[Round "1"]
[White "AkshatChandra"]
[Black "nonscitis"]
[Result "1-0"]
[WhiteElo "2680"]
[BlackElo "2335"]
[TimeControl "180+2"]
[EndTime "13:09:45 PDT"]
[Termination "AkshatChandra won by resignation"]

1. d4 d5 2. Bf4 c6 3. e3 Qb6 4. Qc1 Nf6 5. c4 Bf5 6. Nc3 e6 7. Nf3 Be7 8. h3 O-O 9. Be2 Nbd7 10. O-O dxc4 11. Bxc4 c5 12. Na4 Qa5 13. Nxc5 Nxc5 14. dxc5 Bxc5 15. a3 Be7 16. b4 Qb6 17. Qb2 Rac8 18.
Rac1 Bd6 19. Be5 Bxe5 20. Nxe5 Be4 21. Rfd1 Rfd8 22. Bf1 Rxc1 23. Rxc1 h6 24. a4 Qd6 25. Qc3 Nd7 26. Nc4 Qb8 27. Qb2 Bd5 28. Nd2 Nf6 29.
a5 Rc8 30. Rxc8+ Qxc8 31. Qd4 a6 32. Nc4 Bxc4 33. Bxc4 Qc7 34. g3 Nd7 35. Bf1 Ne5 36. Bg2 Nc6 37. Qc5 f6 38. h4 Kf7 39. h5 Qe7 40. Qb6 Nxb4 41. Bxb7 f5 42. Bxa6 Nd5 43.
Qb7 Nc7 44. Bf1 Kf6 45. a6 Nd5 46. Qxe7+ Kxe7 47. a7 Nb6 48. Bg2 Kf6 49. a8=Q Nxa8 50. Bxa8 Kg5 51. Bf3 e5 52. Be2 f4 53. Kg2 Kf5 54.
exf4 exf4 55. g4+ Kf6 56. Kf3 g5 57. Bd3 Ke5 58. Bf5 Kd4 59. Ke2 Ke5 60. Kd3 Kd5 61.
f3 Ke5 62. Kc4 Kd6 63. Kd4 1-0

[Event "*** Qualifier 4: Titled Tuesday 3|2 Blitz"]
[Site "Chess.com"]
[Date "2017.04.25"]
[Round "1"]
[White "DiogenesSinopeus"]
[Black "IIIlllII1llIl"]
[Result "0-1"]
[WhiteElo "2251"]
[BlackElo "2536"]
[TimeControl "180+2"]
[EndTime "13:09:46 PDT"]
[Termination "IIIlllII1llIl won by checkmate"]

1. d4 c5 2. d5 e6 3. Nc3 Nf6 4.
e4 d6 5. Bb5+ Bd7 6. dxe6 fxe6 7. e5 Bxb5 8. Nxb5 Qa5+ 9. Bd2 Qxb5 10. exf6 gxf6 11. Qh5+ Kd7 12. Bc3 Be7 13. Nf3 Nc6 14. O-O-O Qc4 15. Kb1 b5 16. Rhe1 b4 17. Bd2 Rag8 18.
Bc1 Qg4 19. Qxc5 Kc7 20. Qb5 e5 21. Nd2 Qxg2 22. Nb3 Qxf2 23. Be3 Qg2 24. Na5 Rb8 25. Qc4 Kd7 26. Nxc6 Qxc6 27. Qf7 Rbf8 28. Qh5 Ke6 29. Bh6 Rf7 30. Rf1 f5 31. Rd2 Rg8 32. Rfd1 Qe4 33. Re2 Qg4 34. Qxg4 Rxg4 35. Bd2 d5 36. Be1 f4 37. Red2 d4 38. Bf2 Rg2 39. Re1 Bc5 40. Kc1 Rxh2 41. Kd1 h5 42. Be3 Rxd2+ 43. Bxd2 Kd5 44.
Rh1 Rf5 45. Rh4 f3 46. Ke1 e4 47. Bf4 e3 48. Kf1 a5 49. b3 Be7 50. Rh3 Rxf4 51. Rxh5+ Ke4 52. Rh7 Bf6 53. Rf7 Rh4 54. Kg1 f2+ 55.
Kg2 Rg4+ 56. Kf1 Rg1+ 57. Ke2 Re1# 0-1

[Event "*** Qualifier 4: Titled Tuesday 3|2 Blitz"]
[Site "Chess.com"]
[Date "2017.04.25"]
[Round "1"]
[White "Rating-Schmating"]
[Black "Oneofmyturns"]
[Result "0-1"]
[WhiteElo "2210"]
[BlackElo "2512"]
[TimeControl "180+2"]
[EndTime "13:09:50 PDT"]
[Termination "Oneofmyturns won by checkmate"]

1. e4 c5 2. Nf3 e6 3. d4 cxd4 4. Nxd4 a6 5. c4 Qc7 6. Nc3 Nf6 7. Bd3 Bc5 8. Be3 b6 9. O-O Bb7 10. Qe2 O-O 11. b3 Rd8 12. Rac1 Nc6 13. Nxc6 Qxc6 14. f3 Rac8 15. Rfd1 Ba3 16. Rc2 d6 17. Qf2 Nd7 18.
Na4 Bc5 19. Nxc5 dxc5 20. Rcd2 Qc7 21. f4 Nb8 22. e5 g6 23. Be2 Nc6 24. Rd6 Ne7 25. Qh4 Nc6 26. Qf6 Rxd6 27. exd6 Qd8 28. Qc3 Qf8 29. Bf3 Rd8 30. a3 Rxd6 31. Rxd6 Qxd6 32. Bxc6 Qxc6 33. Qd2 Qe4 34. b4 Qxc4 35. Qd8+ Kg7 36. Qxb6 Qe4 37. Kf2 Qxg2+ 38. Ke1 Bf3 39. Qxa6 cxb4 40. axb4 Qxh2 41. Bd4+ Kh6 42. Qd3 Qh1+ 43.
Kf2 Qg2+ 44. Ke3 Bg4 45. Be5 Bf5 46. Qd8 Kh5 47. b5 h6 48. b6 Qg3+ 49. Kd2 Qf2+ 50. Kc3 Qc2+ 51. Kb4 Bd3 52. Qc7 Qxc7 53. bxc7 Ba6 54.
Bf6 Kg4 55. Be5 h5 56. Kc3 Kf3 57. Kd2 h4 58. Ke1 h3 59. f5 exf5 60. Bd6 f4 61. Bxf4 Kxf4 62. Kf2 g5 63. Kg1 g4 64. c8=Q Bxc8 65.
Kh2 g3+ 66. Kh1 h2 67. Kg2 Bb7+ 68. Kh3 h1=Q# 0-1

[Event "*** Qualifier 4: Titled Tuesday 3|2 Blitz"]
[Site "Chess.com"]
[Date "2017.04.25"]
[Round "1"]
[White "jcibarra"]
[Black "Goala"]
[Result "1/2-1/2"]
[WhiteElo "2675"]
[BlackElo "2347"]
[TimeControl "180+2"]
[EndTime "13:09:52 PDT"]
[Termination "Game drawn by repetition"]

1. e4 e6 2. d4 d5 3. Bd3 dxe4 4.
Bxe4 Nf6 5. Bf3 c5 6. Ne2 Nc6 7. Be3 cxd4 8. Nxd4 Ne5 9. Nc3 Be7 10. Qe2 O-O 11. O-O-O Qa5 12. Nb3 Qb4 13. Rd4 Qb6 14. Rd7 Qb4 15. Rxe7 Nxf3 16. Bc5 Qf4+ 17. Be3 Qd6 18. Bc5 Qf4+ 19. Kb1 Nh4 20. g3 Qf3 21. Qxf3 Nxf3 22. Rd1 Nxh2 23. Nb5 Nd5 24. Nc7 Nxc7 25. Rxc7 Re8 26. Re7 Rf8 27. Rc7 Re8 28. Be7 b6 29. Nd4 Ba6 30. Nc6 Ng4 31. f4 h6 32. Bb4 Rac8 33.
Ne7+ Kh7 34. Nxc8 Bxc8 35. Rxf7 e5 36. Bc3 Be6 37. Rxa7 Kg6 38. b3 Kf5 39. fxe5 g5 40. Rf1+ Ke4 41. Kb2 h5 42. Rb7 h4 43.
gxh4 gxh4 44. Rxb6 h3 45. Rb4+ Ke3 46. Rff4 Nf2 47.
Bd2+ Ke2 48. Rxf2+ Kxf2 49. Bf4 Rf8 50. Rd4 Kf3 51.
Bh2 Kg2 52. Rd2+ Rf2 53. Rxf2+ Kxf2 54. a4 Kg2 55. Bf4 Kf3 56. Bh2 Kg2 57. Bf4 Kf3 58.
Bh2 Kg2 59. Bf4 Kf3 1/2-1/2

[Event "*** Qualifier 4: Titled Tuesday 3|2 Blitz"]
[Site "Chess.com"]
[Date "2017.04.25"]
[Round "1"]
[White "ehrenfeld"]
[Black "LyonBeast"]
[Result "0-1"]
[WhiteElo "2374"]
[BlackElo "2762"]
[TimeControl "180+2"]
[EndTime "13:10:01 PDT"]
[Termination "LyonBeast won on time"]

1. e4 c5 2. Nf3 d6 3. Bc4 Nf6 4.
d3 g6 5. O-O Bg7 6. Bb3 O-O 7.
c3 Nc6 8. Re1 Bg4 9. h3 Bxf3 10.
Qxf3 b5 11. Bg5 Rc8 12. Nd2 Nd7 13. Rac1 a5 14. a3 h6 15. Bf4 Kh7 16. Qe2 e5 17.
Be3 f5 18. exf5 gxf5 19. f4 Qf6 20. Nf3 Rce8 21. Qf2 e4 22. Bd5 Ne7 23. dxe4 Nxd5 24. exd5 Nb6 25. Qd2 Qf7 26. Qd3 Nxd5 27. Bd2 c4 28.
Qc2 Kg8 29. a4 Rxe1+ 30. Rxe1 b4 31. cxb4 Nxb4 32. Bxb4 axb4 33. Rc1 d5 34. Ne5 b3 35. Qd2 Qe6 36. Rd1 Rb8 37. a5 Bf8 38. a6 Bc5+ 39. Kh2 Ra8 40. Qxd5 Qxd5 41. Rxd5 c3 42. bxc3 b2 43. Rd1 Rxa6 44. Rb1 Be3 45. Nd3 Rd6 46. Nxb2 Rb6 47. Re1 Bxf4+ 48. Kh1 Rxb2 49. Rf1 Bg3 50. Rc1 Kf7 51. c4 Ke6 52. c5 Kd7 53. c6+ Kc7 54. Kg1 Re2 55. Kf1 Re4 56. Kg1 h5 57. Kf1 h4 58. Kg1 Re1+ 59. Rxe1 Bxe1 60. Kf1 Bg3 0-1

[Event "*** Qualifier 4: Titled Tuesday 3|2 Blitz"]
[Site "Chess.com"]
[Date "2017.04.25"]
[Round "1"]
[White "pastouche06"]
[Black "OparinGrigoriy"]
[Result "1-0"]
[WhiteElo "2308"]
[BlackElo "2591"]
[TimeControl "180+2"]
[EndTime "13:10:02 PDT"]
[Termination "pastouche06 won by resignation"]

1. c4 e6 2. Nc3 Nf6 3. d4 Bb4 4.
Qc2 O-O 5. a3 Bxc3+ 6. Qxc3 Qe8 7.
Nf3 b6 8. g3 Bb7 9. Bg2 d6 10.
O-O Nbd7 11. Nd2 a5 12. Bxb7 Ra7 13. Bg2 e5 14. d5 a4 15. Nf3 Nc5 16. Be3 Nfd7 17.
Nd2 f5 18. Bxc5 Nxc5 19. e4 f4 20. f3 Qg6 21. g4 h5 22. h3 Qg5 23. b4 axb3 24.
Nxb3 Nxb3 25. Qxb3 Rfa8 26. a4 Ra5 27. Qb4 Qh4 28.
Qe1 Qe7 29. Qb4 Qh4 30. Ra2 g6 31. Rfa1 Kg7 32. Qe1 Qg5 33. h4 Qh6 34. g5 Qh8 35.
Bf1 Qe8 36. Qd1 Qd7 37. Kh2 Rc5 38. Qb3 Raa5 39. Bd3 Qe8 40. Qd1 Qa8 41. Qf1 Qc8 42.
Qh3 Qxh3+ 43. Kxh3 Kf7 44. Kg2 Ke7 45. Kf2 Kf7 46. Ke2 Ke7 47. Kd2 Kf7 48. Rb1 Ke7 49. Rb4 Kf7 50. Rb5 Ke7 51. Rxc5 dxc5 52. Kc2 Kd6 53.
Kb3 Ke7 54. Rb2 Kd6 55. Ka3 Ke7 56. Rb5 Kd6 57. Bf1 Ke7 58. Bh3 Kd6 59. Be6 Ke7 60. Rb1 Ra7 61. Kb3 Ra5 62. Ka3 Ra7 63. a5 Rxa5+ 64.
Kb2 Ra4 65. Ra1 Rxc4 66. Ra8 b5 67. Rc8 Rb4+ 68. Kc3 Rc4+ 69. Kd3 Rd4+ 70. Ke2 c4 71. Rxc7+ Kd6 72. Rc6+ Ke7 73. Rb6 c3 74. Rxb5 Rd2+ 75. Ke1 Rh2 76. Kd1 Kd6 77. Rb6+ Kc5 78. Rc6+ Kd4 79.
d6 Rh1+ 80. Kc2 Rh2+ 81. Kc1 Rh1+ 82. Kc2 Rh2+ 83. Kb3 Rb2+ 84. Ka3 Rb8 85. Rc8 Rxc8 86. Bxc8 Ke3 87. d7 c2 88. Kb2 Kd2 1-0

[Event "*** Qualifier 4: Titled Tuesday 3|2 Blitz"]
[Site "Chess.com"]
[Date "2017.04.25"]
[Round "1"]
[White "severomorskij"]
[Black "matiss90"]
[Result "1-0"]
[WhiteElo "2648"]
[BlackElo "2303"]
[TimeControl "180+2"]
[EndTime "13:10:06 PDT"]
[Termination "severomorskij won by resignation"]

1. d4 Nf6 2. c4 g6 3. Nc3 Bg7 4. e4 d6 5. Bd3 O-O 6. Nge2 e5 7. d5 a5 8. O-O Na6 9. h3 Nc5 10. Bc2 Bd7 11. Be3 b6 12. b3 Nh5 13. Qd2 f5 14. exf5 Bxf5 15. Bxf5 gxf5 16. f4 exf4 17. Bd4 Bxd4+ 18.
Nxd4 Qf6 19. Rae1 Rae8 20. Ne6 Nxe6 21. dxe6 Rxe6 22. Nd5 Qf7 23. Rxe6 Qxe6 24. Re1 Qh6 25. Nxc7 Nf6 26. Qxd6 f3 27. Qg3+ Kh8 28. Qxf3 Ne4 29.
Nd5 Qh4 30. Rxe4 Qxe4 31. Qc3+ Kg8 32. Nf6+ Rxf6 33. Qxf6 f4 34. Qc3 h5 35. Kh2 h4 36.
Qf3 Qe5 37. Qd5+ Qxd5 38. cxd5 Kf7 39. Kg1 Kf6 40. Kf2 Ke5 41. Kf3 Kxd5 42. Kxf4 Kd4 43. g3 hxg3 44. Kxg3 Kc3 45. h4 Kb2 46. h5 Kxa2 47.
h6 Kxb3 48. h7 b5 49. h8=Q a4 50. Qa1 b4 51. Kf3 a3 52. Ke3 Kc2 53. Qa2+ Kc3 54. Qd2+ Kb3 55. Kd3 a2 56. Qc2+ Ka3 57. Qc1+ Kb3 58.
Qa1 Ka3 59. Kc2 b3+ 60. Kc3 Ka4 61. Qb2 1-0

[Event "*** Qualifier 4: Titled Tuesday 3|2 Blitz"]
[Site "Chess.com"]
[Date "2017.04.25"]
[Round "1"]
[White "rasmussvane"]
[Black "rasool78"]
[Result "1-0"]
[WhiteElo "2525"]
[BlackElo "2239"]
[TimeControl "180+2"]
[EndTime "13:10:08 PDT"]
[Termination "rasmussvane won by resignation"]

1. Nf3 g6 2. c4 Bg7 3. d4 c5 4. d5 d6 5. e4 Na6 6. Bd3 Nc7 7. O-O Nf6 8. h3 a6 9. a4 O-O 10. Nc3 Rb8 11. Bf4 e6 12. dxe6 Nxe6 13. Bh2 Nd4 14. Nxd4 cxd4 15. Nd5 Nxd5 16. cxd5 f5 17. exf5 Bxf5 18.
Re1 Kh8 19. Bg3 Rc8 20. Qb3 Bxd3 21. Qxd3 Rf5 22. Qb3 Qa5 23. Qxb7 Rd8 24. Re7 Rg8 25. Bxd6 Qxd5 26. Qxd5 Rxd5 27. Bb4 d3 28. Bc3 Bxc3 29.
bxc3 d2 30. Rd1 Rc8 31. Re2 Rxc3 32. Rexd2 Rxd2 33. Rxd2 Rc4 34. Ra2 Kg7 35. Kf1 Kf6 36. Ke2 Ke5 37. Kd3 Rb4 38. a5 Rb5 39. Kc4 Kf4 40.
Ra3 g5 41. Rf3+ Ke4 42. Re3+ Kf4 43. Ra3 h5 44. Rf3+ Ke4 45. Re3+ Kf4 46. Ra3 h4 47. Ra2 g4 48. hxg4 Kxg4 49. Ra4 Kf4 50. Kd3+ Kg5 51.
Ke3 Rb3+ 52. Ke4 Rb5 53. Ra3 Kg4 54. Ke3 Kg5 55. Kf3 Kf5 56. Ra2 Rb3+ 57. Ke2 Rb5 58.
Ra4 Kg5 59. f3 Rb2+ 60. Kf1 Rb1+ 61. Kf2 Rb5 62. Kg1 h3 63. gxh3 Rb2 64. h4+ Kh5 65.
Kf1 Rh2 66. Kg1 Rxh4 67. Rxh4+ Kxh4 68. Kf2 Kg5 69. Ke3 Kf5 70. Kd4 Kf4 71. Kc5 Kxf3 72. Kb6 Ke4 73. Kxa6 Kd5 74. Kb7 1-0

[Event "*** Qualifier 4: Titled Tuesday 3|2 Blitz"]
[Site "Chess.com"]
[Date "2017.04.25"]
[Round "1"]
[White "TheLancer"]
[Black "Lawliet64"]
[Result "1-0"]
[WhiteElo "2391"]
[BlackElo "1625"]
[TimeControl "180+2"]
[EndTime "13:10:17 PDT"]
[Termination "TheLancer won on time"]

1. e4 c5 2. Nf3 d6 3. d4 cxd4 4.
Nxd4 Nf6 5. Nc3 a6 6. Be2 e5 7. Nb3 Be7 8. O-O O-O 9. Be3 Nc6 10. f3 Be6 11. Nd5 b5 12. a4 b4 13. a5 Nd7 14. Nb6 Nxb6 15. axb6 Bc8 16. Na5 Nxa5 17. Rxa5 Bb7 18. Bc4 Qd7 19. Bd5 Rfb8 20. Bxb7 Rxb7 21. Qd3 Rab8 22. Rxa6 Bd8 23. h3 h6 24. Kh2 Qc6 25. Rd1 Bxb6 26. Bxb6 Rxb6 27. Rxb6 Rxb6 28.
Rd2 Ra6 29. Qb3 Qb6 30. Qd5 Ra1 31. Qxd6 Qg1+ 32. Kg3 Qe1+ 33. Rf2 Rd1 34. Qb8+ Kh7 35. Qxe5 Rd2 36. Qf5+ Kg8 37. Qc8+ Kh7 38. Qc5 b3 39. cxb3 Rxb2 40. b4 Qxb4 41. Qf5+ Kg8 42. Rxb2 Qxb2 43. Qc8+ Kh7 44. Qc5 Qb8+ 45. f4 Kg8 46. Qe5 Qb3+ 47. Kh2 Qb7 48. Qf5 Qb8 49. e5 Qe8 50. Qg4 Qa4 51. f5 Qa1 52. Qg3 Qb1 53.
f6 g5 54. h4 Qf5 55. hxg5 hxg5 56. Qe3 Qg6 57. e6 Qxf6 58. e7 1-0

[Event "*** Qualifier 4: Titled Tuesday 3|2 Blitz"]
[Site "Chess.com"]
[Date "2017.04.25"]
[Round "1"]
[White "MasterLeif"]
[Black "Cayse"]
[Result "0-1"]
[WhiteElo "2298"]
[BlackElo "2630"]
[TimeControl "180+2"]
[EndTime "13:10:24 PDT"]
[Termination "Cayse won by resignation"]

1. e4 e5 2. Nf3 Nc6 3. Bc4 Nf6 4. d3 Be7 5. O-O O-O 6. Nc3 d6 7. Nd5 Na5 8. Nxe7+ Qxe7 9. Bb5 a6 10. Ba4 b5 11.
Bd2 Nb7 12. Bb3 Nc5 13. h3 a5 14. Bg5 h6 15. Bd5 Ra6 16. Bxf6 Qxf6 17. a3 c6 18. Ba2 Be6 19. Nd2 Bxa2 20. Rxa2 Ne6 21. Ra1 Nf4 22. Qf3 Qg5 23. Rae1 Nxh3+ 24. Qxh3 Qxd2 25. Rc1 Qg5 26. Qd7 Qd8 27. Qg4 Qc8 28. Qg3 Qe6 29. f4 exf4 30.
Rxf4 d5 31. Rcf1 Qe5 32. c3 dxe4 33. dxe4 Ra7 34. Rg4 Qxg3 35. Rxg3 Re7 36. Rf6 Re6 37. Rxe6 fxe6 38. Rd3 e5 39. Rd6 Rf6 40. Rd7 a4 41. Re7 Rd6 42. Rxe5 Kf7 43. Kf1 Rd1+ 44. Ke2 Rb1 45.
Rc5 Rxb2+ 46. Kf3 Rb3 47. Rxc6 Rxa3 48. Kf4 Ra2 49. g4 a3 50. Ra6 Ra1 51. Ke5 a2 52. Ra5 Kg6 53. Ra7 Kg5 54. Rxg7+ Kh4 55. Ra7 Kxg4 56.
Ke6 h5 57. e5 h4 58. Rg7+ Kf3 59. Rf7+ Kg3 60. Rg7+ Kf4 61. Rf7+ Kg5 62. Rf2 h3 63.
Kf7 Re1 64. Rxa2 Rxe5 65. Rh2 Re3 66. Rb2 Rxc3 67. Rb3 0-1

[Event "*** Qualifier 4: Titled Tuesday 3|2 Blitz"]
[Site "Chess.com"]
[Date "2017.04.25"]
[Round "1"]
[White "plouarzel"]
[Black "brauliocuarta"]
[Result "1/2-1/2"]
[WhiteElo "2437"]
[BlackElo "2046"]
[TimeControl "180+2"]
[EndTime "13:10:28 PDT"]
[Termination "Game drawn by agreement"]

1. e4 c5 2. Nf3 e6 3. d4 cxd4 4. Nxd4 a6 5. Bd3 Nf6 6. O-O Qc7 7. Qe2 d6 8. c4 g6 9. Nc3 Bg7 10. Be3 O-O 11. Rac1 b6 12. f3 Bb7 13. Rfd1 Nbd7 14.
a4 Rfe8 15. b4 Rac8 16. Nb3 Qb8 17. c5 bxc5 18. bxc5 Nxc5 19. Nxc5 dxc5 20. Bxa6 Bxa6 21. Qxa6 Qb4 22. Qb5 Nh5 23. Ne2 f5 24. Bxc5 Qxb5 25. axb5 Bh6 26. exf5 Rxc5 27. Rxc5 Be3+ 28. Kf1 Bxc5 29. g4 Nf6 30. fxg6 hxg6 31. Nf4 Kf7 32. Nd3 Bd4 33. Rb1 e5 34. b6 Rb8 35. b7 Ne8 36. Rb5 Nd6 37. Nxe5+ Bxe5 38. Rxe5 Rxb7 39. Kg2 Kf6 40.
Rd5 Ke6 41. Ra5 Rb2+ 42. Kg3 Rb3 43. Ra6 Kd7 44. h4 Rc3 45. Kf4 Ke6 46. Kg5 Rxf3 47. Kxg6 Ke5 48. g5 Nf5 49. Ra5+ Ke4 50. h5 Ne7+ 51.
Kg7 Nf5+ 52. Kh7 Rg3 53. g6 Rh3 54. Ra4+ Ke5 55. Ra5+ Kf6 56. Ra6+ Kg5 57. g7 Nxg7 58. Ra5+ Nf5 59. Kg8 Rxh5 60. Ra1 Kf6 61. Ra6+ Kg5 62.
Kf8 Rh2 63. Kf7 Rh7+ 64. Kf8 Rb7 65. Rc6 Ra7 66. Rb6 Rc7 67. Ra6 Rb7 68. Rc6 Ra7 1/2-1/2